TOP OF THE 1ST |
Montreal Expos batting - Pitching for Philadelphia Phillies : RHP Bill Singer
|
Pitching: RHP Bill Singer
|
|
Batting: LHB Duane Walker
|
0-0: Called Strike 0-1: Called Strike 0-2: Ball 1-2: Fly out, F8 (Flyball, 8RM, EV 85.0 MPH)
|
Batting: SHB Garry Templeton
|
0-0: Ball 1-0: Ball 2-0: Called Strike 2-1: SINGLE (Line Drive, 89S, EV 107.5 MPH)
|
Batting: LHB Kirk Gibson
|
0-0: Ball 1-0: Swinging Strike 1-1: 2-RUN HOME RUN (Flyball, 9D, EV 93.1 MPH), Distance : 370 ft
|
Batting: RHB Dale Murphy
|
0-0: Called Strike 0-1: Ground out 6-3 (Groundball, 6M, EV 110.6 MPH)
|
Batting: RHB Dave Winfield
|
0-0: Ball 1-0: SINGLE (Groundball, 56D, EV 101.3 MPH)
|
Batting: LHB Timnothy Meyer
|
0-0: Ball 1-0: Called Strike 1-1: Ball 2-1: Called Strike Dave Winfield is caught stealing 2nd base 2-6
|
Top of the 1st over - 2 runs, 3 hits, 0 errors, 0 left on base; Montreal 2 - Philadelphia 0 |
BOTTOM OF THE 1ST |
Philadelphia Phillies batting - Pitching for Montreal Expos : LHP Frank Tanana
|
Pitching: LHP Frank Tanana
|
|
Batting: RHB Paul Molitor
|
0-0: Called Strike 0-1: Ground out 4-3 (Groundball, 4, EV 98.8 MPH)
|
Batting: RHB Andy Ramirez
|
0-0: Called Strike 0-1: Ball 1-1: Swinging Strike 1-2: Ball 2-2: Ball 3-2: Fly out, F8 (Flyball, 8RM, EV 91.9 MPH)
|
Batting: LHB Tony Gwynn
|
0-0: Foul Ball, location: 2F 0-1: Ball 1-1: Fly out, F8 (Flyball, 8RS, EV 88.1 MPH)
|
Bottom of the 1st over - 0 runs, 0 hits, 0 errors, 0 left on base; Montreal 2 - Philadelphia 0 |
TOP OF THE 2ND |
Montreal Expos batting - Pitching for Philadelphia Phillies : RHP Bill Singer
|
Batting: LHB Timnothy Meyer
|
0-0: Called Strike 0-1: Fly out, F8 (Flyball, 8RS, EV 86.3 MPH)
|
Batting: LHB Ernesto Quevedo
|
0-0: Swinging Strike 0-1: Ball 1-1: Called Strike 1-2: Foul Ball, location: 2F 1-2: Ball 2-2: Strikes out swinging
|
Batting: SHB Biff Pocoroba
|
0-0: Called Strike 0-1: Swinging Strike 0-2: Strikes out looking
|
Top of the 2nd over - 0 runs, 0 hits, 0 errors, 0 left on base; Montreal 2 - Philadelphia 0 |
BOTTOM OF THE 2ND |
Philadelphia Phillies batting - Pitching for Montreal Expos : LHP Frank Tanana
|
Batting: RHB Candy Maldonado
|
0-0: Ball 1-0: Ball 2-0: Foul Ball, location: 2F 2-1: Foul Ball, location: 2F 2-2: Fly out, F7 (Flyball, 7, EV 90.6 MPH)
|
Batting: RHB Andre Dawson
|
0-0: Ball 1-0: Swinging Strike 1-1: Foul Ball, location: 2F 1-2: Ball 2-2: Foul Ball, location: 2F 2-2: Fly out, F8 (Flyball, 8RS, EV 73.1 MPH)
|
Batting: RHB Dan Thomas
|
0-0: Foul Ball, location: 2F 0-1: Fly out, F8 (Flyball, 8LD, EV 81.9 MPH)
|
Bottom of the 2nd over - 0 runs, 0 hits, 0 errors, 0 left on base; Montreal 2 - Philadelphia 0 |
TOP OF THE 3RD |
Montreal Expos batting - Pitching for Philadelphia Phillies : RHP Bill Singer
|
Batting: LHB Frank Tanana
|
0-0: Ball 1-0: Called Strike 1-1: Ground out U3 (Groundball, 3, EV 81.3 MPH)
|
Batting: LHB Duane Walker
|
0-0: Ball 1-0: Called Strike 1-1: Ball 2-1: Called Strike 2-2: Strikes out swinging
|
Batting: SHB Garry Templeton
|
0-0: Called Strike 0-1: Ground out 4-3 (Groundball, 4M, EV 80.6 MPH)
|
Top of the 3rd over - 0 runs, 0 hits, 0 errors, 0 left on base; Montreal 2 - Philadelphia 0 |
BOTTOM OF THE 3RD |
Philadelphia Phillies batting - Pitching for Montreal Expos : LHP Frank Tanana
|
Batting: RHB Tony Pena
|
0-0: Ball 1-0: SINGLE (Flyball, 9S, EV 90.6 MPH)
|
Batting: RHB Ivan de Jesus
|
0-0: Called Strike 0-1: Fly out, F3 (Line Drive, 3, EV 73.1 MPH)
|
Batting: RHB Bill Singer
|
0-0: Sac Bunt to 3S - play at first, batter OUT! 3-1 Tony Pena to second
|
Batting: RHB Paul Molitor
|
0-0: Ball 1-0: Ball 2-0: Ball 3-0: Base on Balls
|
Batting: RHB Andy Ramirez
|
0-0: Ball 1-0: Foul Ball, location: 2F 1-1: Fly out, F9 (Flyball, 9, EV 90.6 MPH)
|
Bottom of the 3rd over - 0 runs, 1 hit, 0 errors, 2 left on base; Montreal 2 - Philadelphia 0 |
TOP OF THE 4TH |
Montreal Expos batting - Pitching for Philadelphia Phillies : RHP Bill Singer
|
Batting: LHB Kirk Gibson
|
0-0: Fly out, F7 (Flyball, 7LS, EV 76.3 MPH)
|
Batting: RHB Dale Murphy
|
0-0: Ball 1-0: Foul Ball, location: 2F 1-1: Ball 2-1: Ground out 4-3 (Groundball, 4, EV 83.8 MPH)
|
Batting: RHB Dave Winfield
|
0-0: Ball 1-0: Called Strike 1-1: Fly out, F2 (Popup, 3SF, EV 81.9 MPH)
|
Top of the 4th over - 0 runs, 0 hits, 0 errors, 0 left on base; Montreal 2 - Philadelphia 0 |
BOTTOM OF THE 4TH |
Philadelphia Phillies batting - Pitching for Montreal Expos : LHP Frank Tanana
|
Batting: LHB Tony Gwynn
|
0-0: Ball 1-0: Swinging Strike 1-1: Fly out, F7 (Line Drive, 7D, EV 96.9 MPH)
|
Batting: RHB Candy Maldonado
|
0-0: Ball 1-0: Ball 2-0: Ground out 6-3 (Groundball, 6S, EV 65.6 MPH)
|
Batting: RHB Andre Dawson
|
0-0: Ball 1-0: Ball 2-0: Called Strike 2-1: Foul Ball, location: 2F 2-2: Foul Ball, location: 2F 2-2: Ground out 6-3 (Groundball, 6S, EV 60.6 MPH)
|
Bottom of the 4th over - 0 runs, 0 hits, 0 errors, 0 left on base; Montreal 2 - Philadelphia 0 |
TOP OF THE 5TH |
Montreal Expos batting - Pitching for Philadelphia Phillies : RHP Bill Singer
|
Batting: LHB Timnothy Meyer
|
0-0: Called Strike 0-1: Foul Ball, location: 2F 0-2: Ground out U3 (Groundball, 34S, EV 83.8 MPH)
|
Batting: LHB Ernesto Quevedo
|
0-0: Ball 1-0: Ball 2-0: Ball 3-0: Called Strike 3-1: Base on Balls
|
Batting: SHB Biff Pocoroba
|
0-0: Fly out, F5 (Line Drive, 5, EV 64.4 MPH)
|
Batting: LHB Frank Tanana
|
Pickoff Throw to First - Out! 1-3
|
Top of the 5th over - 0 runs, 0 hits, 0 errors, 0 left on base; Montreal 2 - Philadelphia 0 |
BOTTOM OF THE 5TH |
Philadelphia Phillies batting - Pitching for Montreal Expos : LHP Frank Tanana
|
Batting: RHB Dan Thomas
|
0-0: Foul Ball, location: 2F 0-1: Foul Ball, location: 2F 0-2: Ball 1-2: Fly out, F9 (Line Drive, 9D, EV 90.0 MPH)
|
Batting: RHB Tony Pena
|
0-0: Fly out, F8 (Flyball, 8LXD, EV 91.3 MPH)
|
Batting: RHB Ivan de Jesus
|
0-0: DOUBLE (Line Drive, 89XD, EV 108.8 MPH)
|
Batting: RHB Bill Singer
|
0-0: Called Strike 0-1: Called Strike 0-2: Foul Ball, location: 2F 0-2: Ball 1-2: Strikes out looking
|
Bottom of the 5th over - 0 runs, 1 hit, 0 errors, 1 left on base; Montreal 2 - Philadelphia 0 |
TOP OF THE 6TH |
Montreal Expos batting - Pitching for Philadelphia Phillies : RHP Bill Singer
|
Batting: LHB Frank Tanana
|
0-0: Ball 1-0: Ground out U3 (Groundball, 3L, EV 86.9 MPH)
|
Batting: LHB Duane Walker
|
0-0: Called Strike 0-1: Called Strike 0-2: Foul Ball, location: 2F 0-2: Foul Ball, location: 2F 0-2: Ball 1-2: Foul Ball, location: 2F 1-2: Ball 2-2: Foul Ball, location: 2F 2-2: Ball 3-2: Fly out, F8 (Flyball, 8LM, EV 90.0 MPH)
|
Batting: SHB Garry Templeton
|
0-0: Ball 1-0: Called Strike 1-1: Foul Ball, location: 2F 1-2: SINGLE (Groundball, 6MS, EV 74.4 MPH) (infield hit)
|
Batting: LHB Kirk Gibson
|
0-0: Called Strike 0-1: Ball 1-1: Ball 2-1: Foul Ball, location: 2F 2-2: Ball 3-2: SINGLE (Line Drive, 8LS, EV 94.4 MPH) Garry Templeton to second Garry Templeton to third
|
Batting: RHB Dale Murphy
|
0-0: Called Strike 0-1: Ball 1-1: Ball 2-1: Foul Ball, location: 2F 2-2: Ball 3-2: Fly out, F5 (Popup, 56S, EV 78.1 MPH)
|
Top of the 6th over - 0 runs, 2 hits, 0 errors, 2 left on base; Montreal 2 - Philadelphia 0 |
BOTTOM OF THE 6TH |
Philadelphia Phillies batting - Pitching for Montreal Expos : LHP Frank Tanana
|
Batting: RHB Paul Molitor
|
0-0: Swinging Strike 0-1: Ground out 4-3 (Groundball, 4, EV 78.1 MPH)
|
Batting: RHB Andy Ramirez
|
0-0: Ball 1-0: Ball 2-0: Foul Ball, location: 2F 2-1: Ground out 6-3 (Groundball, 6M, EV 106.3 MPH)
|
Batting: LHB Tony Gwynn
|
0-0: Ball 1-0: Fly out, F4 (Line Drive, 4, EV 70.6 MPH)
|
Bottom of the 6th over - 0 runs, 0 hits, 0 errors, 0 left on base; Montreal 2 - Philadelphia 0 |
TOP OF THE 7TH |
Montreal Expos batting - Pitching for Philadelphia Phillies : RHP Bill Singer
|
Batting: RHB Dave Winfield
|
0-0: Foul Ball, location: 2F 0-1: Fly out, F4 (Line Drive, 4, EV 66.9 MPH)
|
Batting: LHB Timnothy Meyer
|
0-0: Called Strike 0-1: Called Strike 0-2: Reached on error, E4 (Groundball, 4S, EV 93.8 MPH)
|
Batting: LHB Ernesto Quevedo
|
0-0: Ball 1-0: Ball 2-0: Ball 3-0: Called Strike 3-1: SINGLE (Groundball, 6D, EV 97.5 MPH) Timnothy Meyer to second
|
Batting: SHB Biff Pocoroba
|
0-0: Ball 1-0: Called Strike 1-1: Ball 2-1: SINGLE (Flyball, 78S, EV 96.9 MPH) Timnothy Meyer to third Ernesto Quevedo to second Runner from 3rd tries for Home, SAFE, throw by CF to home
|
Batting: LHB Frank Tanana
|
0-0: Sac Bunt to P - play at first, batter OUT! 1-4 Ernesto Quevedo to third Biff Pocoroba to second
|
Batting: LHB Duane Walker
|
0-0: Called Strike 0-1: Foul Ball, location: 2F 0-2: Foul Ball, location: 2F 0-2: DOUBLE (Line Drive, 5D, EV 95.0 MPH) Ernesto Quevedo scores Biff Pocoroba scores
|
Pitching: RHP Tony Villa
|
|
Batting: SHB Garry Templeton
|
0-0: Ball 1-0: Fly out, F7 (Flyball, 78S, EV 86.9 MPH)
|
Top of the 7th over - 3 runs, 3 hits, 1 error, 1 left on base; Montreal 5 - Philadelphia 0 |
BOTTOM OF THE 7TH |
Philadelphia Phillies batting - Pitching for Montreal Expos : LHP Frank Tanana
|
Batting: RHB Candy Maldonado
|
0-0: Ball 1-0: Fly out, F7 (Flyball, 78S, EV 84.4 MPH)
|
Batting: RHB Andre Dawson
|
0-0: Ball 1-0: Ball 2-0: Ball 3-0: Base on Balls
|
Batting: RHB Dan Thomas
|
0-0: Ball 1-0: Swinging Strike 1-1: Ball 2-1: Ball 3-1: Base on Balls Andre Dawson to second
|
Batting: RHB Tony Pena
|
0-0: Grounds into double play, 6-4-3 (Groundball, 6, EV 81.3 MPH)
|
Bottom of the 7th over - 0 runs, 0 hits, 0 errors, 1 left on base; Montreal 5 - Philadelphia 0 |
TOP OF THE 8TH |
Montreal Expos batting - Pitching for Philadelphia Phillies : RHP Tony Villa
|
Batting: LHB Kirk Gibson
|
0-0: Ball 1-0: Ball 2-0: Ball 3-0: Called Strike 3-1: Called Strike 3-2: Base on Balls
|
Batting: RHB Dale Murphy
|
0-0: Called Strike Kirk Gibson steals 2nd base 0-1: Ball 1-1: Ball 2-1: Ball 3-1: Called Strike 3-2: Strikes out swinging
|
Batting: RHB Dave Winfield
|
0-0: Foul Ball, location: 2F 0-1: Foul Ball, location: 2F 0-2: Foul Ball, location: 2F 0-2: Foul Ball, location: 2F 0-2: Ball 1-2: Ball 2-2: SINGLE (Line Drive, 7LS, EV 108.8 MPH) Kirk Gibson to third Runner from 3rd tries for Home, throw by LF and OUT! 7-2
|
Batting: LHB Timnothy Meyer
|
0-0: Fly out, F5 (Flyball, 5D, EV 94.4 MPH)
|
Top of the 8th over - 0 runs, 1 hit, 0 errors, 1 left on base; Montreal 5 - Philadelphia 0 |
BOTTOM OF THE 8TH |
Philadelphia Phillies batting - Pitching for Montreal Expos : LHP Frank Tanana
|
Batting: RHB Ivan de Jesus
|
0-0: Fly out, F9 (Flyball, 9S, EV 74.4 MPH)
|
Pinch Hitting: LHB Andy Guerrero
|
0-0: Ball 1-0: Ball 2-0: Ball 3-0: Base on Balls
|
Batting: RHB Paul Molitor
|
0-0: Called Strike 0-1: Grounds into double play, 6-4-3 (Groundball, 6, EV 103.1 MPH)
|
Bottom of the 8th over - 0 runs, 0 hits, 0 errors, 0 left on base; Montreal 5 - Philadelphia 0 |
TOP OF THE 9TH |
Montreal Expos batting - Pitching for Philadelphia Phillies : RHP Tony Villa
|
Pitching: RHP John Montague
|
|
Batting: LHB Ernesto Quevedo
|
0-0: Foul Ball, location: 2F 0-1: Swinging Strike 0-2: Foul Ball, location: 2F 0-2: Strikes out swinging
|
Batting: SHB Biff Pocoroba
|
0-0: Called Strike 0-1: Swinging Strike 0-2: Strikes out looking
|
Batting: LHB Frank Tanana
|
0-0: Ball 1-0: Swinging Strike 1-1: Called Strike 1-2: Strikes out swinging
|
Top of the 9th over - 0 runs, 0 hits, 0 errors, 0 left on base; Montreal 5 - Philadelphia 0 |
BOTTOM OF THE 9TH |
Philadelphia Phillies batting - Pitching for Montreal Expos : LHP Frank Tanana
|
Batting: RHB Andy Ramirez
|
0-0: Fly out, F3 (Line Drive, 3, EV 65.0 MPH)
|
Batting: LHB Tony Gwynn
|
0-0: Ball 1-0: Ball 2-0: Foul Ball, location: 2F 2-1: Foul Ball, location: 2F 2-2: Fly out, F9 (Line Drive, 9, EV 92.5 MPH)
|
Batting: RHB Candy Maldonado
|
0-0: Ball 1-0: Ball 2-0: Ground out 6-3 (Groundball, 6M, EV 105.0 MPH)
|
Bottom of the 9th over - 0 runs, 0 hits, 0 errors, 0 left on base; Montreal 5 - Philadelphia 0 |
|